 Dungeon Crawl Stone Soup version 0.26-a0-639-g72c4674329 (webtiles) character file.

Game seed: 5245648732217635846

20652 graki42 the Thaumaturge (level 12, -3/59 HPs)
             Began as a Deep Elf Conjurer on Sept 19, 2020.
             Was an Elder of Sif Muna.
             Slain by a cane toad (25 damage)
             ... on level 2 of the Lair of Beasts.
             The game lasted 00:58:38 (15018 turns).

graki42 the Thaumaturge (Deep Elf Conjurer)        Turns: 15018, Time: 00:58:38

Health: -3/59      AC:  5    Str:  8    XL:     12   Next: 47%
Magic:  36/41      EV: 14    Int: 25    God:    Sif Muna [****..]
Gold:   778        SH:  0    Dex: 19    Spells: 21/40 levels left

rFire    . . .     SeeInvis .   t - staff of cold
rCold    + . .     Faith    .   (no shield)
rNeg     . . .     Spirit   .   f - +0 robe
rPois    .         Reflect  .   N - +0 helmet
rElec    .         Harm     .   l - +0 cloak
rCorr    .         Rampage  .   A - +0 pair of gloves
MR       +....                  d - -1 pair of boots (curse)
Stlth    +++.......             B - amulet of magic regeneration
HPRegen  0.19/turn              h - ring of magical power
MPRegen  0.52/turn              p - +6 ring of dexterity

@: lethally poisoned (-3 -> -14)
A: no striking features
a: Channel Magic, Forget Spell, Divine Exegesis, Renounce Religion


You were on level 2 of the Lair of Beasts.
You worshipped Sif Muna.
Sif Muna was greatly pleased with you.
You visited 3 branches of the dungeon, and saw 14 of its levels.

You collected 853 gold pieces.
You spent 75 gold pieces at shops.

Inventory:

Hand Weapons
 a - a +1 dagger of draining
 b - a +2 quarterstaff of chaos
Missiles
 y - 4 throwing nets (quivered)
Armour
 d - a cursed -1 pair of boots (worn)
 f - a +0 robe (worn)
 l - a +0 cloak (worn)
 A - a +0 pair of gloves (worn)
 N - a +0 helmet (worn)
Magical Staves
 t - an uncursed staff of cold (weapon)
Jewellery
 h - a ring of magical power (left hand)
 p - a +6 ring of dexterity (right hand)
 x - an uncursed ring of resist corrosion
 z - an uncursed amulet of guardian spirit
 B - an amulet of magic regeneration (around neck)
 M - a +6 ring of strength
 O - an uncursed ring of fire
 S - a +6 ring of strength
Wands
 q - a wand of flame (51)
 u - a wand of polymorph (8)
 I - a wand of paralysis (12)
 Q - a wand of random effects (25)
 R - a wand of digging (7)
Scrolls
 c - 6 scrolls of remove curse
 j - 3 scrolls of enchant weapon
 k - 3 scrolls of teleportation {unknown}
 n - 3 scrolls of enchant armour
 o - 3 scrolls of magic mapping {unknown}
 w - 2 scrolls of brand weapon {unknown}
 C - 2 scrolls of fear
 F - a scroll of blinking
 H - 4 scrolls of fog
 J - a scroll of immolation
 P - a scroll of summoning
Potions
 e - 4 potions of berserk rage
 g - 7 potions of curing
 i - 4 potions of haste
 m - 3 potions of lignification
 r - a potion of resistance
 s - 2 potions of heal wounds
 v - 4 potions of cancellation
 D - a potion of ambrosia
 E - 2 potions of might
 G - 3 potions of mutation
 K - a potion of invisibility
 L - a potion of brilliance


   Skills:
 - Level 3.0 Dodging
 - Level 3.0 Stealth
 + Level 14.6 Spellcasting
 + Level 13.1 Conjurations
 + Level 13.3 Hexes
 - Level 4.0 Translocations
 + Level 6.9 Invocations


You had 21 spell levels left.
You knew the following spells:

 Your Spells              Type           Power        Failure   Level
a - Magic Dart            Conj           ####         0%          1
b - Searing Ray           Conj           ######       1%          2
c - Dazzling Flash        Conj/Hex       ######       1%          3
d - Fulminant Prism       Conj/Hex       ######....   1%          4
e - Iskenderun's Mystic   Conj/Tloc      ######..     1%          4
f - Iskenderun's Battles  Conj           ######..     1%          5

Your spell library contained the following spells:

 Spells                   Type           Power        Failure   Level
 Blink                    Tloc           N/A          1%          2
 Slow                     Hex            ######..     1%          2
 Conjure Flame            Conj/Fire      ######..     1%          3
 Mephitic Cloud           Conj/Pois/Air  #####...     1%          3
 Call Imp                 Summ           ###.....     4%          2
 Poisonous Vapours        Pois/Air       ###...       4%          2
 Orb of Destruction       Conj           ######....   12%         7
 Bolt of Magma            Conj/Fire/Erth #####.....   14%         5
 Iron Shot                Conj/Erth      ######....   32%         6
 Freezing Cloud           Conj/Ice/Air   ######....   61%         6
 Spellforged Servitor     Conj/Summ      ######....   87%         7


Dungeon Overview and Level Annotations

Branches:
Dungeon (11/15)            Temple (1/1) D:7            Lair (2/6) D:9
    Orc (0/2) D:10
  Swamp: Lair:2-4    Shoals: Lair:2-4     Snake: Lair:2-4    Spider: Lair:2-4

Altars:
Ashenzari
Cheibriados
Dithmenos
Elyvilon
Fedhas
Gozag
Hepliaklqana
Kikubaaqudgha
Makhleb
Nemelex Xobeh
Okawaru
Qazlal
Ru
Sif Muna
Trog
Uskayaw
Vehumet
Wu Jian
Xom
Yredelemnul
Zin
The Shining One

Shops:
D:4 [   D:8 !   D:10 (   D:11 :(((}


Message History

The cane toad is severely wounded.
The cane toad barely misses you.
The searing ray hits the cane toad.
The cane toad is almost dead.
You finish channeling your searing ray.
The cane toad stings you! The cane toad stings you!!
You are poisoned.
The cane toad poisons you!
Casting: Searing Ray (safe; 1% risk of failure)
Confirm with . or Enter, or press ? or * to list all spells.
Aiming: Searing Ray (safe; 1% risk of failure)
Press: ? - help, Shift-Dir - straight line, f/p - cane toad
Aim: a cane toad (almost dead)
The searing ray hits the cane toad.
The cane toad is almost dead. (Press . to maintain the ray.)
You feel sick. The cane toad stings you!!
* * * LOW HITPOINT WARNING * * *
You feel much better.
You feel sick. The cane toad stings you!!
You die...

.# .. ###.#....##...#.... ..
..#####........P....#.... ..
......................... ..
...................... .. ..
......................... ......
.......................... .....
.......................... ....
...#####..##.....≈≈≈≈≈≈.#..
.#.###....# ###@....≈≈≈≈≈≈≈≈....
##.......P#....F#P...≈≈≈≈≈≈≈≈≈...
.....#.......... #...≈≈≈≈..≈≈≈≈..
.........##..... ..≈≈≈≈.<†≈≈≈≈..
.....# #..... ...≈≈≈≈.≈≈≈≈...
.....# #≈..... ...≈≈≈≈≈≈≈≈≈...
#.#.#.≈≈≈≈≈≈≈... ...≈≈≈≈≈≈≈≈≈...
P.##.≈≈≈≈≈≈≈≈≈.. ....≈≈≈≈≈≈≈≈P..
... ≈≈≈### .....≈......≈..


You could see a cane toad.

Vanquished Creatures
  4 hydras
  2 two-headed ogres
  An unseen horror (D:11)
  2 cane toads (Lair:2)
  2 gargoyles (D:11)
  2 komodo dragons
  A troll (D:9)
  Prince Ribbit (D:8)
  Grinder (D:4)
  7 blink frogs
  3 hippogriffs
  A wraith (D:10)
  34 yaks
  A vampire (D:9)
  A wyvern (D:11)
  Edmund (D:6)
  3 water moccasins
  Duvessa (D:6)
  3 porcupines
  3 ice beasts
  7 orc warriors
  A black bear (Lair:2)
  A sky beast (D:7)
  2 necrophages
  2 phantoms
  7 ogres
  2 centaurs
  2 crocodiles
  Blork the orc (D:6)
  6 bullfrogs
  Dowan (D:6)
  5 scorpions
  6 killer bees
  8 wights
  A bullfrog zombie (D:10)
  5 jellies
  7 hounds
  13 orc wizards
  7 orc priests
  Crazy Yiuf (D:3)
  2 bullfrog skeletons
  A gnoll shaman (D:4)
  3 centaur skeletons
  11 worker ants
  3 iguanas
  A hound zombie (D:9)
  A hound skeleton (D:4)
  A mummy (D:5)
  9 gnolls
  13 adders
  2 shadow imps
  4 white imps
  An ufetubus (D:8)
  2 oozes
  2 adder skeletons
  A worm (D:4)
  2 dart slugs
  6 leopard geckos
  47 orcs
  A ball python (D:2)
  9 bats
  2 bat zombies (D:2)
  4 giant cockroaches
  11 goblins
  13 hobgoblins
  14 jackals
  5 quokkas
  2 frilled lizards
  3 jackal skeletons
  5 kobolds
  A quokka zombie (D:9)
  6 rats
  5 rat zombies (D:2)
  A fulminant prism (D:6)
353 creatures vanquished.

Vanquished Creatures (others)
  51 fulminant prisms
  9 fungi
  7 plants
67 creatures vanquished.

Grand Total: 420 creatures vanquished

Notes
Turn   | Place    | Note
-------+----------+-------------------------------------------
     0 | D:1      | graki42 the Deep Elf Conjurer began the quest for the Orb.
     0 | D:1      | Reached XP level 1. HP: 10/10 MP: 6/6
   322 | D:1      | Reached XP level 2. HP: 15/15 MP: 6/8
   449 | D:1      | You fall into a shaft and drop 1 floor!
   470 | D:2      | Learned a level 2 spell: Searing Ray
   762 | D:2      | Found a faded altar of an unknown god.
   846 | D:2      | Reached skill level 5 in Conjurations
   846 | D:2      | Reached XP level 3. HP: 19/19 MP: 0/10
  1226 | D:2      | Found a hazy altar of Hepliaklqana.
  1500 | D:2      | Found an ancient bone altar of Kikubaaqudgha.
  1656 | D:3      | Reached skill level 4 in Spellcasting
  1755 | D:3      | Reached XP level 4. HP: 24/24 MP: 12/12
  2045 | D:3      | Reached XP level 5. HP: 8/28 MP: 14/14
  2049 | D:3      | Reached skill level 5 in Spellcasting
  2771 | D:3      | Found a runed translucent door.
  2772 | D:3      | Noticed Crazy Yiuf
  2778 | D:3      | Killed Crazy Yiuf
  2847 | D:4      | Reached XP level 6. HP: 31/32 MP: 16/16
  2858 | D:4      | Reached skill level 6 in Spellcasting
  2981 | D:4      | Learned a level 3 spell: Dazzling Flash
  2986 | D:4      | Learned a level 4 spell: Fulminant Prism
  2991 | D:4      | Learned a level 4 spell: Iskenderun's Mystic Blast
  3001 | D:4      | Found Koc Ohaeci's Antique Armour Emporium.
  3044 | D:4      | Reached skill level 1 in Hexes
  3179 | D:4      | Reached XP level 7. HP: 36/36 MP: 19/19
  3292 | D:4      | Reached skill level 7 in Spellcasting
  3420 | D:4      | Noticed Grinder
  3426 | D:4      | Killed Grinder
  3904 | D:5      | Entered Level 5 of the Dungeon
  3919 | D:4      | Reached skill level 8 in Spellcasting
  4353 | D:5      | Reached XP level 8. HP: 36/41 MP: 22/22
  4482 | D:5      | Reached skill level 5 in Hexes
  4500 | D:5      | Found an ornate altar of the Wu Jian Council.
  4655 | D:5      | Found a sacrificial altar of Ru.
  4684 | D:5      | Reached skill level 9 in Spellcasting
  5022 | D:5      | Reached XP level 9. HP: 45/45 MP: 24/24
  5217 | D:5      | Found a snail-covered altar of Cheibriados.
  5582 | D:6      | Reached skill level 10 in Spellcasting
  5906 | D:6      | Noticed Blork the orc
  5916 | D:6      | Killed Blork the orc
  5982 | D:6      | Noticed Duvessa
  5989 | D:6      | Killed Duvessa
  6037 | D:6      | Noticed Dowan
  6039 | D:6      | Killed Dowan
  6039 | D:6      | Noticed Edmund
  6045 | D:6      | Killed Edmund
  6111 | D:6      | Reached skill level 10 in Conjurations
  6542 | D:7      | Found an opulent altar of Gozag.
  6640 | D:7      | Reached skill level 11 in Spellcasting
  6918 | D:7      | Found a staircase to the Ecumenical Temple.
  6927 | Temple   | Entered the Ecumenical Temple
  7188 | Temple   | Became a worshipper of Sif Muna the Loreminder
  7959 | D:7      | Reached skill level 1 in Translocations
  7959 | D:7      | Reached XP level 10. HP: 50/50 MP: 27/27
  8179 | D:8      | Found Ixyg's Distillery.
  8188 | D:8      | Bought a potion of heal wounds for 75 gold pieces
  8276 | D:8      | Found a stormy altar of Qazlal.
  8479 | D:8      | Reached * piety under Sif Muna
  8481 | D:8      | Noticed Prince Ribbit
  8486 | D:8      | Killed Prince Ribbit
  8587 | D:8      | Found a radiant altar of Vehumet.
  8856 | D:8      | Found a glowing golden altar of the Shining One.
  9104 | D:8      | Found a sparkling altar of Nemelex Xobeh.
  9522 | D:9      | Found a staircase to the Lair.
  9538 | D:9      | Reached skill level 10 in Hexes
  9551 | D:9      | Reached skill level 12 in Spellcasting
  9622 | D:9      | Found a shattered altar of Ashenzari.
 10104 | D:9      | Reached ** piety under Sif Muna
 10204 | D:9      | Found a shimmering altar of Xom.
 10683 | D:9      | Found a bloodstained altar of Trog.
 10775 | D:10     | Entered Level 10 of the Dungeon
 10803 | D:10     | Reached skill level 1 in Invocations
 10804 | D:10     | Reached XP level 11. HP: 34/54 MP: 29/29
 11008 | D:10     | Noticed a two-headed ogre
 11012 | D:10     | Killed a two-headed ogre
 11391 | D:10     | Found a staircase to the Orcish Mines.
 11624 | D:10     | Found Ighairgh's Antique Weapon Boutique.
 11805 | D:11     | Found Faugen's Weapon Emporium.
 11933 | D:11     | Found Hautej's Weapon Shoppe.
 11946 | D:11     | Reached skill level 13 in Spellcasting
 12015 | D:11     | Found Nummud's Book Shoppe.
 12165 | D:11     | Found Raufistoi's Weapon Shop.
 12478 | D:11     | Noticed a two-headed ogre
 12481 | D:11     | Reached *** piety under Sif Muna
 12481 | D:11     | Killed a two-headed ogre
 12581 | D:11     | Found Vabyps's Gadget Shoppe.
 12998 | D:11     | Killed an unseen horror
 13354 | Lair:1   | Entered Level 1 of the Lair of Beasts
 13366 | Lair:1   | Noticed a five-headed hydra
 13371 | Lair:1   | Killed a five-headed hydra
 13477 | Lair:1   | Learned a level 5 spell: Iskenderun's Battlesphere
 13527 | Lair:1   | Reached skill level 5 in Invocations
 13591 | Lair:1   | Noticed a seven-headed hydra
 13601 | Lair:1   | Killed a seven-headed hydra
 13620 | Lair:1   | Reached XP level 12. HP: 40/59 MP: 24/31
 13956 | Lair:1   | Reached skill level 14 in Spellcasting
 14101 | Lair:1   | Noticed a five-headed hydra
 14113 | Lair:1   | Killed a five-headed hydra
 14620 | Lair:2   | Noticed a six-headed hydra
 14622 | Lair:2   | Noticed a catoblepas
 14777 | Lair:2   | Reached **** piety under Sif Muna
 14847 | Lair:2   | Killed a six-headed hydra
 15018 | Lair:2   | Slain by a cane toad

Illustrated notes

Levels and vault maps discovered:
D:1:      dpeg_arrival_arbitrary_a, layout_basic
D:2:      layout_loops_ring, lemuel_doored_altar,
          lemuel_zombie_altar_kikubaaqudgha, chequers_ecumenical_altar_simple
D:3:      cheibrodos_greedy_goblins, layout_basic, serial_park_tiny_1,
          uniq_crazy_yiuf_cottage
D:4:      layout_loops_cross, serial_shops, nicolae_shop_statue_plus,
          uniq_grinder
D:5:      layout_gridville, slow_altar_2, nicolae_ru_the_path_less_chosen,
          lemuel_round_altar, kb_lookout_dungeons_type
D:6:      layout_rooms, kennysheep_generic_room_15, uniq_duvessa,
          uniq_blork_the_orc, uniq_edmund
D:7:      layout_basic, nicolae_gozag_seed_capital, temple_statues,
          hangedman_abyss_or_decor_stagger, grunt_ministairs_8
D:8:      layout_layer_cave, vehumet_altar_wand_db, old_standard_altar,
          kennysheep_mini, kennysheep_little_box, serial_shops, shop,
          grunt_ministairs_8, uniq_prince_ribbit1
D:9:      layout_gridville, bloody_trog, ashenzari_conservatory_becter,
          lemuel_crystal_altar, lair_entry_dummy
D:10:     layout_basic, orc_0_dummy, serial_shops, shop
D:11:     layout_loops_corners, serial_shops, nicolae_shop_trees,
          nicolae_shop_behind_doors, shop, nicolae_shop_waterfront, shop
Temple:   compressed_dpeg_triangle_lava_temple
Lair:1:   layout_cellular_growth, chequers_serial_rivers_micro_c
Lair:2:   layout_regular_city, minmay_shoals_entry_hut, serial_bayou_shore_b,
          infiniplex_staircase_pool_2

Skill      XL: |  1  2  3  4  5  6  7  8  9 10 11 12 |
---------------+-------------------------------------+-----
Conjurations   | 5 6 7 9 10 11 12 13 | 13.1
Stealth        | 3 |  3.0
Dodging        | 3 |  3.0
Spellcasting   | 4 5 6 8 9 11 12 13 14 | 14.6
Hexes          | 2 4 7 9 11 12 13 | 13.3
Translocations | 1 4 |  4.0
Invocations    | 1 5 6 |  6.9

Action                   |  1- 3 |  4- 6 |  7- 9 | 10-12 || total
-------------------------+-------+-------+-------+-------++-------
Melee: Dagger            |     6 |       |     1 |       ||     7
       Staff             |       |       |     1 |     2 ||     3
 Cast: Magic Dart        |    90 |    58 |    66 |   132 ||   346
       Searing Ray       |     1 |    14 |    59 |   102 ||   176
       Fulminant Prism   |       |       |    18 |    34 ||    52
       Dazzling Flash    |       |       |     1 |       ||     1
       Iskenderun's Myst |       |       |       |     5 ||     5
       Iskenderun's Batt |       |       |       |    11 ||    11
  Use: Scroll            |       |     5 |     5 |    10 ||    20
       Potion            |       |     1 |       |     1 ||     2
 Stab: Sleeping          |     1 |       |       |       ||     1
Armor: Robe              |     5 |     4 |     3 |    10 ||    22
Dodge: Dodged            |    10 |    24 |    39 |    43 ||   116

Table legend: (Time is in decaauts)
 A = Elapsed time spent in this place.
 B = Non-inter-level travel time spent in this place.
 C = Inter-level travel time spent in this place.
 D = Time resting spent in this place.
 E = Time spent auto-exploring this place.
 F = Levels seen in this place.
 G = Mean time per level.
                   A        B        C        D        E       F      G
               +--------+--------+--------+--------+--------+-----+--------+
         Total |  14996 |  14559 |    437 |   2304 |  10483 |  14 | 1071.1 |
       Dungeon |  13061 |  12651 |    410 |   2229 |   8925 |  11 | 1187.4 |
        Temple |    272 |    261 |     11 |      0 |    245 |   1 |  272.0 |
          Lair |   1662 |   1646 |     16 |     75 |   1312 |   2 |  831.0 |
               +--------+--------+--------+--------+--------+-----+--------+

Top non-repeatable levels by time:
    D:11: 1480 daAuts
     D:4: 1368 daAuts
     D:5: 1355 daAuts
     D:8: 1353 daAuts
     D:7: 1352 daAuts
     D:9: 1323 daAuts
     D:2: 1194 daAuts
     D:3: 1167 daAuts
  Lair:1: 1145 daAuts
    D:10: 1044 daAuts
     D:6: 973 daAuts
  Lair:2: 516 daAuts
     D:1: 448 daAuts
  Temple: 272 daAuts
